 Dungeon Crawl Stone Soup version 0.18-a0-1805-g8ab820f (webtiles) character file.

2301 varam the Jinx (level 9, -1/39 HPs)
             Began as a Spriggan Enchanter on Apr 26, 2016.
             Slain by a killer bee (2 damage)
             ... on level 7 of the Dungeon.
             The game lasted 05:39:32 (8705 turns).

varam the Jinx (Spriggan Enchanter)                 Turns: 8705, Time: 05:39:34

Health: -1/39      AC:  8    Str:  7    XL:     9   Next: 17%
Magic:  0/23       EV: 13    Int: 16    God:
Gold:   374        SH:  0    Dex: 19    Spells: 3 memorised, 20 levels left

rFire  x . .     SeeInvis +     i - +1 dagger (protect)
rCold  + . .     Gourm    .     b - +1 robe
rNeg   . . .     Faith    .     (shield restricted)
rPois  .         Spirit   +     (helmet restricted)
rElec  .         Dismiss  .     (no cloak)
rCorr  .         Reflect  .     (gloves unavailable)
SustAt .         Harm     .     (boots unavailable)
MR     +....                    e - amulet of guardian spirit
Stlth  +++++.....               w - +2 ring of strength
                                g - ring of ice

@: lethally poisoned (-1 -> -13), marked, very quick, somewhat resistant to
hostile enchantments, quite stealthy
A: unfitting armour, see invisible, herbivore 3, speed 3, slow metabolism 2
a: no special abilities


You were on level 7 of the Dungeon.
You were not hungry.

You visited 2 branches of the dungeon, and saw 8 of its levels.
You also visited: Sewer.

You collected 374 gold pieces.

Inventory:

Hand Weapons
 a - a +1 dagger
 i - a +1 dagger of protection (weapon)
Armour
 b - a +1 robe (worn)
 y - a +0 cloak
Jewellery
 e - an amulet of guardian spirit (around neck)
 g - a ring of ice (left hand)
 v - a +1 ring of protection
 w - a +2 ring of strength (right hand)
Wands
 C - a wand of acid (7/15)
 D - a wand of slowing (0/48)
Scrolls
 f - 6 scrolls of remove curse
 h - 7 scrolls of identify {unknown}
 j - 2 scrolls of magic mapping {unknown}
 m - 4 scrolls of teleportation {unknown}
 q - a scroll of fear {unknown}
 s - 4 scrolls of fog {unknown}
 u - 2 scrolls of random uselessness {unknown}
 B - a scroll of noise {unknown}
 E - a scroll of enchant weapon {unknown}
Potions
 d - a potion of heal wounds {unknown}
 k - 2 potions of curing {unknown}
 l - 4 potions of flight {unknown}
 n - 2 potions of might {unknown}
 o - a potion of cancellation {unknown}
 p - 2 potions of brilliance {unknown}
 x - 3 potions of mutation {unknown}
 z - a potion of invisibility {unknown}
Books
 c - a book of Maledictions

   Spells                             Type                      Level
   a - Corona                         Hexes                        1
   b - Ensorcelled Hibernation        Hexes/Ice                    2
   c - Confuse                        Hexes                        3
   d - Tukima's Dance                 Hexes                        3
   e - Dazzling Spray                 Conjuration/Hexes            3
Comestibles
 r - 3 bread rations
 A - 3 fruits


   Skills:
 - Level 5.2 Short Blades
 - Level 3.0 Dodging
 - Level 8.2 Stealth
 + Level 9.1 Spellcasting
 + Level 9.6 Hexes


You had 20 spell levels left.
You knew the following spells:

 Your Spells              Type           Power        Failure   Level  Hunger
a - Ensorcelled Hibernat  Hex/Ice        ####..       1%          2    None
b - Corona                Hex            #####..      1%          1    None
c - Confuse               Hex            #####...     1%          3    #......


Dungeon Overview and Level Annotations

Branches:
Dungeon (7/15)             Temple (1/1) D:4

Altars:
Ashenzari
Elyvilon
Fedhas
Gozag
Kikubaaqudgha
Makhleb
Pakellas
Qazlal
Sif Muna
Trog
Vehumet
Xom
Yredelemnul
Zin
The Shining One


Innate Abilities, Weirdness & Mutations

You are tiny and cannot use many weapons and most armour.
You have supernaturally acute eyesight.
You are a herbivore.
You cover ground extremely quickly.
You need consume almost no food.


Message History

* * * LOW HITPOINT WARNING * * *
You feel sick.
* * * LOW HITPOINT WARNING * * *
You feel sick.
* * * LOW HITPOINT WARNING * * *
You feel sick. The killer bee stings you.
* * * LOW HITPOINT WARNING * * *
* * * LOW HITPOINT WARNING * * *
You feel sick.
* * * LOW HITPOINT WARNING * * *
You feel sick.
There is a stone staircase leading down here.
You can't go up here!
* * * LOW HITPOINT WARNING * * *
You feel sick.
The killer bee stings you but does no damage.
The killer bee stings you.
* * * LOW HITPOINT WARNING * * *
The killer bee stings you.
You die...

...............#
#######.##.....#
.#######..########
.........##
..........#
........†.#
..........# ######
..........###..y.#
...............y@#
.########a###....#
#ya†...........#
###z#####.###....#
#z..# #.# #....#
#o##### #.# ######
......# #..
....<.# #.#
......# #.#


You could see a worker ant and 2 killer bees.

Vanquished Creatures
  Pikel (D:5)
  A kobold demonologist (Sewer)
  Grinder (Sewer)
  Sigmund (D:6)
  A phantom (D:4)
  An ice beast (D:5)
  An ogre (D:4)
  2 big kobolds (Sewer)
  A giant frog (D:6)
  A scorpion (D:7)
  2 killer bees (D:7)
  An orc priest (D:6)
  A centaur skeleton (D:4)
  4 orc wizards (D:6)
  Ijyb (D:2)
  3 worker ants
  3 big kobold zombies (Sewer)
  2 hound skeletons
  10 gnolls
  A river rat (D:3)
  5 adders
  2 shadow imps (Sewer)
  An ufetubus (Sewer)
  An ooze (D:4)
  7 worms
  An adder skeleton (D:6)
  A dart slug (D:1)
  3 giant geckos
  11 orcs
  2 ball pythons (D:3)
  A bat zombie (Sewer)
  7 giant cockroaches
  11 goblins
  2 hobgoblins
  8 jackals
  2 quokkas
  9 bats
  5 giant newts
  24 kobolds
  A kobold zombie (Sewer)
  A quokka skeleton (D:5)
  7 rats
151 creatures vanquished.

Vanquished Creatures (others)
  An ooze (Sewer)
1 creature vanquished.

Grand Total: 152 creatures vanquished

Notes
Turn   | Place    | Note
--------------------------------------------------------------
     0 | D:1      | varam the Spriggan Enchanter began the quest for the Orb.
     0 | D:1      | Reached XP level 1. HP: 9/9 MP: 5/5
   403 | D:1      | Reached XP level 2. HP: 13/13 MP: 0/6
   637 | D:1      | Reached skill level 5 in Stealth
   782 | D:1      | Learned a level 2 spell: Ensorcelled Hibernation
  1110 | D:2      | Reached XP level 3. HP: 16/16 MP: 5/8
  1959 | D:2      | Reached XP level 4. HP: 21/21 MP: 4/9
  2274 | D:3      | Noticed Ijyb
  2279 | D:3      | Found a glowing drain.
  2337 | D:2      | Learned a level 3 spell: Confuse
  2481 | Sewer    | Entered a sewer
  2565 | Sewer    | Reached XP level 5. HP: 24/24 MP: 0/10
  3543 | Sewer    | Found a burning altar of Makhleb.
  4144 | Sewer    | Reached XP level 6. HP: 27/28 MP: 1/11
  4242 | Sewer    | Reached skill level 5 in Short Blades
  4495 | Sewer    | Noticed an apprentice kobold demonologist
  4844 | Sewer    | Killed an apprentice kobold demonologist
  4844 | Sewer    | Reached skill level 5 in Hexes
  4844 | Sewer    | Reached XP level 7. HP: 32/32 MP: 3/14
  4886 | Sewer    | Noticed Grinder
  4895 | Sewer    | Killed Grinder
  4895 | Sewer    | Reached skill level 5 in Spellcasting
  5136 | D:2      | Killed Ijyb
  5444 | D:3      | Found a burning altar of Makhleb.
  5560 | D:3      | Found a bloodstained altar of Trog.
  5800 | D:4      | Found a shattered altar of Ashenzari.
  5870 | D:4      | Found a white marble altar of Elyvilon.
  5875 | D:4      | Reached XP level 8. HP: 36/36 MP: 16/18
  5911 | D:4      | Found a staircase to the Ecumenical Temple.
  5917 | Temple   | Entered the Ecumenical Temple
  6607 | D:5      | Entered Level 5 of the Dungeon
  7079 | D:5      | Noticed Pikel
  7135 | D:5      | Killed Pikel
  7394 | D:5      | Found a deep blue altar of Sif Muna.
  7577 | D:6      | Found an oddly glowing altar of Pakellas.
  8425 | D:6      | Reached XP level 9. HP: 39/39 MP: 16/22
  8448 | D:6      | Noticed Sigmund
  8473 | D:6      | Killed Sigmund
  8705 | D:7      | HP: 1/39 [killer bee (1)]
  8705 | D:7      | Slain by a killer bee

Vault maps used:
D:1:      mainiacjoe_arrival_reflecting_pool, minmay_misc_feat_diagonals
D:3:      nicolae_overflow_hidden_temple, portal_sewer_entry_c, bloody_makhleb,
          uniq_iyjb
D:4:      nicolae_overflow_crystal_walls, overflow_temple_1_default,
          minmay_temple_entry_mist
D:5:      first_bread, lemuel_tele_altar, uniq_pikel
D:6:      johnstein_pakellas_death_squad, uniq_sigmund
D:7:      lemuel_ice_spiral_2, overflow_temple_1_default, kennysheep_mini_moat,
          grunt_dithmenos_shadows, the_bakery, nemelex_deck, uniq_prince_ribbit1
Temple:   bh_familiar_temple
Sewer:    kennysheep_sewer_church

Skill      XL: |  1  2  3  4  5  6  7  8  9 |
---------------+----------------------------+-----
Short Blades   | 2 3 4 5 |  5.2
Stealth        | 5 6 7 8 |  8.2
Spellcasting   | 4 6 8 9 |  9.1
Hexes          | 5 6 9 |  9.6
Dodging        | |  3.0

Action                   |  1- 3 |  4- 6 |  7- 9 || total
-------------------------+-------+-------+-------++-------
Melee: Dagger            |   121 |   206 |   287 ||   614
 Cast: Corona            |    10 |     1 |       ||    11
       Ensorcelled Hiber |    12 |    19 |     9 ||    40
       Confuse           |       |    36 |    61 ||    97
  Use: Scroll            |       |       |     1 ||     1
 Stab: Sleeping          |    19 |    17 |    24 ||    60
       Confused          |       |     7 |    37 ||    44
  Eat: Bread ration      |       |     2 |       ||     2
       Pizza             |       |       |     2 ||     2
Armor: Robe              |    16 |    42 |    27 ||    85
Dodge: Dodged            |    89 |   205 |   131 ||   425
